 Dungeon Crawl Stone Soup version 0.29.0-10-g45618ea6d2 (webtiles) character file.

Game seed: 13976650865017735379

15 gelatine the Vexing (level 2, -1/19 HPs)
             Began as a Demonspawn Wanderer on Sept 1, 2022.
             Was a Follower of Dithmenos.
             Slain by an orc wizard
             ... wielding a +0 vampiric dagger
              (4 damage)
             ... on level 2 of the Dungeon.
             The game lasted 00:03:31 (1390 turns).

gelatine the Vexing (Demonspawn Wanderer)           Turns: 1390, Time: 00:03:31

Health: -1/19      AC:  3    Str:  9    XL:     2   Next: 34%
Magic:  5/5        EV: 11    Int: 17    God:    Dithmenos [*.....]
Gold:   12         SH:  0    Dex: 11    Spells: 5/5 levels left

rFire   . . .      SeeInvis .   a - +0 dagger
rCold   . . .      Faith    .   (no shield)
rNeg    . . .      Spirit   .   h - +0 leather armour
rPois   .          Reflect  .   (no helmet)
rElec   .          Harm     .   (no cloak)
rCorr   .          Rampage  .   (no gloves)
Will    .....                   (no boots)
Stlth   +.........              (no amulet)
HPRegen 0.06/turn               (no ring)
MPRegen 0.09/turn               (no ring)

@: wreathed by umbra
A: claws 1
a: Renounce Religion


You were on level 2 of the Dungeon.
You worshipped Dithmenos.
Dithmenos was aware of your devotion.
You visited 1 branch of the dungeon, and saw 2 of its levels.

You collected 12 gold pieces.

Inventory:

Hand Weapons
 a - a +0 dagger (weapon)
Armour
 c - a +0 robe
 h - a +0 leather armour (worn)
Wands
 d - a wand of polymorph (3)
Scrolls
 j - a scroll of summoning {unknown}
Potions
 f - a potion of curing {unknown}
 g - a potion of might {unknown}
 i - a potion of invisibility {unknown}


   Skills:
 * Level 0.2 Fighting
 + Level 1.0 Armour
 + Level 1.1 Dodging
 + Level 2.1 Spellcasting
 + Level 2.3 Hexes
 + Level 2.1 Summonings
 * Level 0.3 Invocations
 + Level 2.3 Evocations


You had 5 spell levels left.
You didn't know any spells.
Your spell library contained the following spells:

 Spells                   Type           Power      Damage    Failure   Level
 Slow                     Hex            36%        N/A       10%         1
 Summon Small Mammal      Summ           32%        N/A       11%         1
 Confusing Touch          Hex            9%         N/A       30%         3
 Call Canine Familiar     Summ           8%         N/A       32%         3
 Summon Guardian Golem    Hex/Summ       9%         N/A       32%         3
 Dazzling Flash           Conj/Hex       10%        N/A       43%         3
 Vampiric Draining        Necr           1%         2d6       61%         3


Dungeon Overview and Level Annotations

Branches:
Dungeon (2/15)

Altars:
Dithmenos

Annotations:
D:2 Natasha


Innate Abilities, Weirdness & Mutations

You have sharp fingernails.


Message History

The orc wizard mumbles some strange words.
The orc wizard flickers and vanishes!
Deactivating autopickup; reactivate with Ctrl-A.
Unknown command.
Read: scroll of fear
Press: ? - help, Q - select action, (/) - cycle Dir - look around, f - activate Look: an orc, wielding a +0 short sword (umbra, chance to affect: 99%)
As you read the scroll of fear, it crumbles to dust.
You assume a fearsome visage.
Natasha looks frightened!
The crimson imp resists with some effort.
The orc looks frightened! x2
The crimson imp shouts, "Leave, thou skyhacking milk-livered prigger-of-prances!"
Aiming: Polymorph
Press: ? - help, Q - select action Shift-Dir - straight line, p - orc
Okay, then.
Unknown command.
Cornered, the orc turns to fight!
The orc hits you with a +0 short sword.
You hit the orc.
The orc is moderately wounded.
The orc barely misses you.
You hit the orc.
The orc is severely wounded.
The orc misses you.
You barely miss the orc.
The orc is severely wounded.
A puff of flame appears from out of thin air!
The puff of flame hits you.
You hit something. Something hits you.
You miss something.
You hear some strange, mumbled words.
A magic dart appears from out of thin air!
The magic dart hits you!
* * * LOW HITPOINT WARNING * * *
You hit the orc.
You kill the orc!
Dithmenos accepts your kill. Something hits you.
You die...

### #.. .h.
#.# ######..#
#5o.5<)(#
#.#####.o...#
#5#######....
#.{@.........
#.)########.#
#..# #..#
#... #.##.
#.# . #.# #


You could see a crimson imp (summoned).

Vanquished Creatures
  2 orcs (D:2)
  2 kobolds (D:1)
  A ball python (D:1)
  3 bats (D:1)
  A frilled lizard (D:1)
  5 goblins (D:1)
  2 rats (D:1)
16 creatures vanquished.

Notes
Turn   | Place    | Note
-------+----------+-------------------------------------------
     0 | D:1      | gelatine the Demonspawn Wanderer began the quest for the
                  | Orb.
     0 | D:1      | gelatine set off with the following items: a +0 dagger, a
                  | scroll of fear, a +0 robe, a wand of polymorph (3); and the
                  | following spells available to memorise: Slow, Summon Small
                  | Mammal, Call Canine Familiar, Summon Guardian Golem,
                  | Dazzling Flash.
     0 | D:1      | Reached XP level 1. HP: 13/13 MP: 3/3
   640 | D:1      | Gained mutation: You have sharp fingernails. [demonic
                  | ancestry]
   640 | D:1      | Reached XP level 2. HP: 7/19 MP: 5/5
   847 | D:1      | Found a faded altar of an unknown god.
   864 | D:1      | Prayed at the altar of an unknown god.
   864 | D:1      | Became a worshipper of Dithmenos the Shadowed
   864 | D:1      | Reached * piety under Dithmenos
  1370 | D:2      | Noticed Natasha
  1376 | D:2      | Noticed a crimson imp
  1390 | D:2      | Slain by an orc wizard

Illustrated notes

Levels and vault maps discovered:
D:1:      lemuel_arrival_room, layout_basic, shapermc_ecumenical_altar_venn,
          serial_forest, infiniplex_forest_clump_diagonal,
          infiniplex_forest_lined_room_3, infiniplex_forest_end_3,
          infiniplex_forest_clump_medium, infiniplex_forest_lined_corner,
          infiniplex_forest_zigzag_2, infiniplex_forest_clump_long,
          infiniplex_forest_clump_curved, hangedman_decor_clover_reticule
D:2:      layout_loops_ring, serial_shops, shop, minmay_pentomino_u2,
          uniq_natasha

Action                   || total
-------------------------++-------
Melee: Dagger            ||    53
       Punch             ||     1
Throw: Javelin           ||    18
  Use: Scroll            ||     1
Armor: Leather armour    ||     9
       Robe              ||     3
Dodge: Dodged            ||    32
